 Dungeon Crawl Stone Soup version 0.27.0-1-g7a089689b8 (webtiles) character file.

Game seed: 10595931178406307184

142 kobby the Slasher (level 5, -3/41 HPs)
             Began as a Vampire Fighter on Aug 11, 2021.
             Slain by a hornet zombie (10 damage)
             ... on level 5 of the Dungeon.
             The game lasted 00:07:13 (3717 turns).

kobby the Slasher (Vampire Fighter)                 Turns: 3717, Time: 00:07:14

Health: -3/41      AC:  6    Str: 15    XL:     5   Next: 3%
Magic:  5/5        EV:  7    Int: 10    God:
Gold:   974        SH: 10    Dex: 15    Spells: 4/4 levels left

rFire    . . .     SeeInvis +   a - +0 long sword
rCold    . . .     Faith    .   c - +1 kite shield
rNeg     . . .     Spirit   .   b - +0 scale mail
rPois    .         Reflect  .   (no helmet)
rElec    .         Harm     .   (no cloak)
rCorr    .         Rampage  .   (no gloves)
Will     .....                  (no boots)
Stlth    ..........             (no amulet)
HPRegen  0.33/turn              (no ring)
MPRegen  0.09/turn              (no ring)

@: about to teleport, healing quickly
A: alive, fangs 3, see invisible, vampiric 2
a: Exsanguinate


You were on level 5 of the Dungeon.
You visited 1 branch of the dungeon, and saw 5 of its levels.

You collected 1156 gold pieces.
You spent 182 gold pieces at shops.

Inventory:

Hand Weapons
 a - a +0 long sword (weapon)
Armour
 b - a +0 scale mail (worn)
 c - a +1 kite shield (worn)
 j - the +1 leather armour "Damnable Contraption" {Stlth+}
   (You bought it in a shop on level 3 of the Dungeon)

   Stlth:     It makes you more stealthy.
Jewellery
 l - a ring of magical power
Potions
 d - 2 potions of might
 e - 2 potions of brilliance
 g - a potion of magic
 k - a potion of ambrosia
 m - a potion of lignification {unknown}


   Skills:
 + Level 3.4 Fighting
 + Level 3.6 Long Blades
 + Level 3.1 Armour
 + Level 0.3 Dodging
 + Level 3.1 Shields


You had 4 spell levels left.
You didn't know any spells.
Your spell library contained the following spells:

 Spells                   Type           Power      Damage    Failure   Level
 Beastly Appendage        Tmut           0%         N/A       100%        1
 Magic Dart               Conj           0%         1d3       100%        1
 Blink                    Tloc           N/A        N/A       100%        2
 Call Imp                 Summ           0%         N/A       100%        2
 Wereblood                Tmut           0%         N/A       100%        2
 Lesser Beckoning         Tloc           0%         N/A       100%        3
 Mephitic Cloud           Conj/Pois/Air  0%         N/A       100%        3
 Spider Form              Tmut/Pois      0%         N/A       100%        3
 Manifold Assault         Tloc           0%         N/A       100%        5


Dungeon Overview and Level Annotations

Branches:
Dungeon (5/15)
 Temple: D:4-7

Altars:
Elyvilon
Sif Muna
Wu Jian
Xom

Shops:
D:3 :(:[:


Innate Abilities, Weirdness & Mutations

Your natural rate of healing is accelerated.
You have razor-sharp teeth.
You have supernaturally acute eyesight. (SInv)
You are afflicted with vampirism and can become a bat while bloodless.


Message History

You feel agile.
A hornet zombie comes into view.
Found a scale mail.
You slash the hornet zombie! You bite the hornet zombie.
The hornet zombie is moderately damaged.
You block the hornet zombie's attack. The hornet zombie hits you.
You hit the hornet zombie.
The hornet zombie is moderately damaged.
The hornet zombie closely misses you.
The hornet zombie hits you but does no damage.
You hit the hornet zombie.
You bite the hornet zombie, but do no damage.
The hornet zombie is heavily damaged.
You block the hornet zombie's attack. The hornet zombie closely misses you.
You slash the hornet zombie!
The hornet zombie is heavily damaged.
The hornet zombie hits you.
The hornet zombie hits you but does no damage.
You barely miss the hornet zombie.
The hornet zombie is heavily damaged.
The hornet zombie hits you! The hornet zombie hits you.
You hit the hornet zombie.
The hornet zombie is severely damaged.
The hornet zombie completely misses you.
You block the hornet zombie's attack.
You hit the hornet zombie.
The hornet zombie is severely damaged.
The hornet zombie closely misses you.
You hit the hornet zombie.
The hornet zombie is severely damaged.
The hornet zombie hits you. The hornet zombie barely misses you.
The hornet zombie hits you!
* * * LOW HITPOINT WARNING * * *
You are too injured to fight recklessly!
You are too injured to fight recklessly!
You feel better. The hornet zombie hits you!
* * * LOW HITPOINT WARNING * * *
As you read the scroll of teleportation, it crumbles to dust.
You feel strangely unstable. The hornet zombie hits you!
You die...

############ .#
..[........ .#
......)...# ..#
###
..........#...#
...
..........#....
..#
.......Z.....#
...
.......@..#####.#
########........#
#........##.#)
#.....<.......
#...####.#..#.
#...# # #...#
#...# #...#


You could see a hornet zombie.

Vanquished Creatures
  A hound skeleton (D:4)
  2 adders
  5 worms
  3 dart slugs
  3 orcs (D:3)
  3 bats
  10 endoplasms
  A giant cockroach (D:4)
  6 goblins
  3 hobgoblins (D:1)
  8 jackals
  8 quokkas
  9 ball pythons
  5 frilled lizards
  9 kobolds
  4 rats
80 creatures vanquished.

Notes
Turn   | Place    | Note
-------+----------+-------------------------------------------
     0 | D:1      | kobby the Vampire Fighter began the quest for the Orb.
     0 | D:1      | Reached XP level 1. HP: 17/17 MP: 1/1
   147 | D:1      | Reached XP level 2. HP: 20/23 MP: 2/2
   274 | D:1      | Found a faded altar of an unknown god.
   633 | D:1      | Gained mutation: You are afflicted with vampirism and can
                  | become a bat while bloodless. [Vampire growth]
   633 | D:1      | Reached XP level 3. HP: 25/29 MP: 3/3
  1458 | D:2      | Identified a scroll of acquirement
  1458 | D:2      | Acquired 923 gold pieces
  2062 | D:3      | Found Bippin's Book Shoppe.
  2088 | D:3      | Found Xehyimal's Weapon Emporium.
  2170 | D:3      | Reached XP level 4. HP: 35/35 MP: 4/4
  2290 | D:3      | Found Diuw's Antique Armour Shop.
  2298 | D:3      | Bought a scorched leather armour for 182 gold pieces
  2298 | D:3      | Identified the +1 leather armour "Damnable Contraption"
                  | {Stlth+} (You bought it in a shop on level 3 of the
                  | Dungeon)
  2327 | D:3      | Found Joskes's Book Shoppe.
  2565 | D:3      | Found Ifeotog's Book Shoppe.
  2626 | D:3      | Found an ornate altar of the Wu Jian Council.
  3114 | D:4      | Found a shimmering altar of Xom.
  3186 | D:4      | Found a shimmering blue altar of Sif Muna.
  3696 | D:5      | Entered Level 5 of the Dungeon
  3701 | D:5      | Reached XP level 5. HP: 41/41 MP: 5/5
  3717 | D:5      | Slain by a hornet zombie

Illustrated notes

Levels and vault maps discovered:
D:1:      nagdon_arrival_double_spiral, layout_loops_corners,
          shapermc_ecumenical_altar_hornbeckon
D:2:      layout_basic, minmay_distorted
D:3:      layout_loops_corners, general_overflow_altar, serial_shops,
          nicolae_shop_window_shopping, shop, shop, shop_fountains, shop_statue
D:4:      layout_cave_pools, elyvilon_altar_1, nicolae_sif_muna_condensation,
          lemuel_tele_altar, kennysheep_doodads, serial_bayou_crossing
D:5:      layout_basic, nicolae_uskayaw_en_pointe,
          mainiacjoe_overflow_six_doors_small, serial_shops, shop,
          minmay_misc_feat_square, nicolae_shop_firing_range

Skill      XL: |  1  2  3  4 |
---------------+-------------+-----
Fighting       | 3 |  3.4
Shields        | 3 |  3.1
Long Blades    | 3 |  3.6
Armour         | 3 |  3.1
Dodging        | |  0.3

Action                   |  1- 3 |  4- 6 || total
-------------------------+-------+-------++-------
Melee: Long sword        |   133 |    85 ||   218
       Bite              |    10 |    11 ||    21
  Use: Scroll            |     5 |     6 ||    11
       Potion            |       |     1 ||     1
Armor: Scale mail        |    55 |    29 ||    84
Dodge: Dodged            |    32 |    18 ||    50
Block: Kite shield       |    81 |    36 ||   117
       Rpst.: Long sword |     8 |     6 ||    14
